Cogmind - Beta 14 @@@ ROGUE MODE // 2024.08.11 @ 06:05:36 Player: Lord_Devi Result: Destroyed by as-72798 with Assembled Blade Performance ------------- Evolutions (1) 500 Regions Visited (5) 1000 Robots Destroyed (70) 350 Value Destroyed (1943) 1943 Prototype IDs (6) 120 Alien Tech Used (0) 0 Bonus (461) 461 TOTAL SCORE: 4374 Bonus ------- High Alert Combat Kills 362 Follower Combat Kills 120 Friendly Fire -21 Cogmind --------- Core Integrity 0/400 Matter 254/300 Energy 278/280 System Corruption 15% Temperature Cool (1) Movement Treading (320) Ox2 Location -9/Exiles Parts ------- > --- POWER (1) -------- Heavy Ion Engine > --- PROPULSION (4) --- Light Treads > --- UTILITY (2) ------ High-capacity Storage Unit Improved Targeting Computer > --- WEAPON (2) ------- Spread Laser Autogun > --- INVENTORY (20) --- Heavy Ion Engine Heavy Ion Engine Nuclear Core Reinforced Deuterium Engine Light Fission Core Light Treads Light Treads Light Treads Power Amplifier Improved Heat Sink Large Storage Unit Improved Targeting Computer Improved Targeting Computer Improved Medium Laser Beamcaster Particle Cannon Particle Cannon Shotgun Rocket Launcher Makeshift Spear Peak State ------------ > --- POWER ------------ Heavy Ion Engine > --- PROPULSION ------- Light Treads Light Treads Light Treads Light Treads > --- UTILITY ---------- High-capacity Storage Unit Improved Targeting Computer > --- WEAPON ----------- Beamcaster Makeshift Spear > --- INVENTORY -------- Heavy Ion Engine Heavy Ion Engine Light Treads Light Treads Light Treads Improved Heat Sink Large Storage Unit Large Battery Structural Scanner Improved Targeting Computer Improved Targeting Computer Improved Medium Laser Particle Cannon Particle Cannon Particle Cannon Particle Cannon Autogun [Rating: 22] Favorites ----------- Power Light Nuclear Core Engine Heavy Ion Engine Power Core Light Nuclear Core Propulsion Light Treads Treads Light Treads Utility High-capacity Storage Unit Device Shield Generator Storage High-capacity Storage Unit Processor Improved Targeting Computer Weapon Particle Cannon Energy Gun Beamcaster Energy Cannon Particle Cannon Ballistic Gun Autogun Special Weapon Mining Laser Impact Weapon Heavy Hammer Piercing Weapon Makeshift Spear Build | -11 -10 -10 -9 -9 -9 ------- Run | Yrd Mat Min Mat Min Exi Slots Evolved 2 | . . . 2 . . Power . | . . . . . . Propulsion 2 | . . . 2 . . Utility . | . . . . . . Weapon . | . . . . . . Parts Attached 56 | 4 8 . 42 2 . Power 5 | 1 1 . 3 . . Engine 2 | 1 . . 1 . . Core 3 | . 1 . 2 . . Reactor . | . . . . . . Propulsion 18 | 2 . . 15 1 . Treads 18 | 2 . . 15 1 . Leg . | . . . . . . Wheel . | . . . . . . Hover . | . . . . . . Flight . | . . . . . . Utility 8 | 1 5 . 2 . . Device 2 | . 2 . . . . Storage 5 | 1 3 . 1 . . Processor 1 | . . . 1 . . Hackware . | . . . . . . Protection . | . . . . . . Artifact . | . . . . . . Weapon 25 | . 2 . 22 1 . Energy Gun 6 | . . . 5 1 . Energy Cannon 8 | . 2 . 6 . . Ballistic Gun 2 | . . . 2 . . Ballistic Cannon . | . . . . . . Launcher . | . . . . . . Special Weapon 1 | . . . 1 . . Impact Weapon 2 | . . . 2 . . Slashing Weapon . | . . . . . . Piercing Weapon 6 | . . . 6 . . Special Melee Weapon . | . . . . . . Unidentified Prototypes . | . . . . . . Parts Lost 15 | . . . 11 1 3 Power 1 | . . . 1 . . Propulsion 10 | . . . 7 . 3 Utility 1 | . . . 1 . . Weapon 3 | . . . 2 1 . Highest Loss Streak 3 | . . . 2 1 3 To Critical Strikes . | . . . . . . Average Slot Usage (%) 98 | . 98 100 98 98 99 Engine 6 | . 6 . 5 11 11 Core 6 | . 7 14 5 . . Treads 36 | . 28 28 43 42 43 Device 2 | . 9 . . . . Storage 17 | . 17 28 16 11 11 Processor 4 | . . . 5 11 11 Energy Gun 3 | . . . 5 3 11 Energy Cannon 16 | . 27 28 10 7 . Ballistic Gun 3 | . . . 3 11 11 Peak Build Rating 22 | 4 14 13 22 18 19 Average Rating 15 | 3 11 13 18 17 18 On Entrance 11 | . 4 13 13 18 18 Naked Turns . | . . . . . . Heaviest Build 58 | 8 37 37 58 55 54 Greatest Support 80 | 40 40 40 80 80 80 Greatest Overweight (x) 2 | . . . 1 . 2 Average Overweight (x) . | . . . . . . Largest Inventory Capacity 20 | 8 15 15 20 20 20 Average Capacity 16 | 7 11 15 18 20 20 Most Carried 20 | 3 15 15 20 20 20 Average Carried 15 | 1 10 15 17 19 19 Final Capacity 20 | 8 15 15 20 20 20 Final Carried 20 | 3 15 15 20 18 20 Class Distribution -------------------- 68% | Mutant 31% | Scavenger-Mutant Dominant Class ---------------- Mutant | -10/Materials Mutant | -10/Mines Scavenger-Mutant | -9/Materials Scavenger-Mutant | -9/Mines Mutant | -9/Exiles Resources | -11 -10 -10 -9 -9 -9 ----------- Run | Yrd Mat Min Mat Min Exi Matter Collected 1234 | 240 129 130 579 156 . Remotely . | . . . . . . Salvage Created 2574 | . 451 70 1880 173 . Parts 172 | . 26 3 127 16 . Haulers Intercepted 3 | . 2 . 1 . . Recyclers Shooed 1 | . . . 1 . . Parts Field Recycled . | . . . . . . Retrieved Matter . | . . . . . . Parts Self-Destructed . | . . . . . . Prevented . | . . . . . . Kills | -11 -10 -10 -9 -9 -9 ------- Run | Yrd Mat Min Mat Min Exi Combat Hostiles Destroyed 56 | . 7 2 38 9 . Melee 11 | . . . 11 . . Guns 18 | . . . 14 4 . Cannons 24 | . 7 2 10 5 . AOE 2 | . . . 2 . . Classes Destroyed 8 | . 3 . 5 . . Hauler 3 | . 2 . 1 . . Recycler 3 | . . . 3 . . Watcher 8 | . 3 . 5 . . Swarmer 15 | . . . 8 7 . Grunt 24 | . 7 2 14 1 . Brawler 5 | . . . 4 1 . Protector 2 | . . . 2 . . Sentry 10 | . . . 10 . . Best Kill Streak 6 | . 2 1 6 4 . Combat Bots Only 5 | . 2 1 5 4 . Max Kills in Single Turn 2 | . 1 1 2 1 . Gunslinging . | . . . . . . Exploded 1 | . . . 1 . . Melee 1 | . . . 1 . . Uniques/NPCs Destroyed . | . . . . . . Combat | -11 -10 -10 -9 -9 -9 -------- Run | Yrd Mat Min Mat Min Exi Hostile Shots Fired 328 | . 36 9 203 37 43 Missed 89 | . 11 4 53 10 11 Damage Taken 2947 | . 215 67 1880 281 504 Core 453 | . 8 29 237 19 160 Absorbed by Shields 80 | . 80 . . . . Regen/Repaired (Parts) 83 | . . . 83 . . Core Remaining (%) 92 | 100 . 85 . . . Volleys Fired 155 | . 32 5 95 22 1 Largest 2 | . 2 2 2 2 2 Hottest 143 | . 136 136 143 91 88 Shots Fired 305 | . 64 10 183 45 3 Gun 129 | . . . 97 29 3 Cannon 173 | . 64 10 83 16 . Launcher . | . . . . . . Special 3 | . . . 3 . . Kinetic 45 | . . . 22 21 2 Thermal 240 | . 64 10 141 24 1 Explosive . | . . . . . . Electromagnetic 20 | . . . 20 . . Robot Hit Streak 21 | . 6 4 9 21 . Robot Miss Streak 8 | . 4 2 8 4 1 Penetration Max . | . . . . . . Secondary Targets . | . . . . . . Shots Hit Robots 189 | . 39 5 121 24 . Core Hits 93 | . 14 3 56 20 . Critical Kills . | . . . . . . Critical Parts Destroyed 1 | . . . . 1 . Critical Strikes 8 | . . . 7 1 . Burn 4 | . . . 4 . . Destroy 1 | . . . . 1 . Impale 3 | . . . 3 . . Melee Attacks 41 | . . . 41 . . Impact . | . . . . . . Slashing . | . . . . . . Piercing 41 | . . . 41 . . Sneak Attacks 3 | . . . 3 . . Combat Hostiles . | . . . . . . Follow-up Attacks . | . . . . . . Damage Inflicted 4421 | . 839 123 3031 428 . Guns 1277 | . . . 1079 198 . Cannons 2071 | . 839 123 884 225 . Explosions 214 | . . . 214 . . Melee 806 | . . . 806 . . Ramming 5 | . . . . 5 . Kinetic 282 | . . . 188 94 . Thermal 2996 | . 839 123 1705 329 . Explosive 169 | . . . 169 . . Electromagnetic 163 | . . . 163 . . Impact . | . . . . . . Slashing . | . . . . . . Piercing 806 | . . . 806 . . Highest Corruption 15 | . . . 10 10 15 Average Corruption 9 | . . . 9 10 10 Corruption Purged . | . . . . . . Corruption Blocked . | . . . . . . Effects 84 | . . . 33 43 8 Message Errors 18 | . . . 5 12 1 Matter Fused 22 | . . . 6 14 2 Heat Flow Errors 9 | . . . 8 1 . Energy Discharges 7 | . . . 2 4 1 Parts Rejected 2 | . . . 1 1 . Parts Fused 1 | . . . . 1 . Data Loss (minor) 9 | . . . 6 2 1 Data Loss (major) 6 | . . . 3 2 1 Misfires 4 | . . . . 3 1 Alerts 3 | . . . 1 1 1 Weapon Failures 3 | . . . 1 2 . Overload Shots . | . . . . . . Overflow Damage 91 | . 10 . 64 17 . Projectiles 28 | . 10 . 1 17 . Explosions 7 | . . . 7 . . Melee 56 | . . . 56 . . Knockbacks . | . . . . . . Impact . | . . . . . . Kinetic . | . . . . . . Secondary . | . . . . . . Self-Inflicted Damage 71 | . . . 71 . . Shots 1 | . . . 1 . . Rammed 1 | . . . . 1 . Targets Rammed 1 | . . . . 1 . Kicked . | . . . . . . Crushed . | . . . . . . Highest Temperature 426 | . 324 279 426 148 44 Average Temperature 131 | . 110 107 151 59 19 Received Heat Transfer 707 | . 110 36 531 30 . Effects 12 | . 1 1 10 . . Shutdowns 1 | . . . 1 . . Energy Bleed 3 | . . . 3 . . Interference 2 | . 1 1 . . . Matter Decay 2 | . . . 2 . . Short Circuit 2 | . . . 2 . . Damage (minor) 2 | . . . 2 . . Siege Activations . | . . . . . . Robots Corrupted . | . . . . . . Combat Hostiles . | . . . . . . Parts Fried . | . . . . . . Impact Corruptions . | . . . . . . Robots Melted 1 | . . . 1 . . Combat Hostiles 1 | . . . 1 . . Parts Melted 10 | . 2 1 6 1 . Heat Transferred 5614 | . 1517 222 3343 532 . Parts Sabotaged . | . . . . . . Parts Stolen . | . . . . . . Parts Stripped . | . . . . . . Power Chain Reactions 2 | . . . 2 . . Alert | -11 -10 -10 -9 -9 -9 ------- Run | Yrd Mat Min Mat Min Exi Peak Influence 885 | . 194 156 885 435 . Initial 345 | . . 1 1 345 . Average 272 | . 58 30 554 334 . Maximum Alert Level 3 | . . . 3 2 . Low Security (%) 50 | 100 100 100 9 . . Level 1 16 | . . . 14 61 . Level 2 18 | . . . 31 38 . Level 3 14 | . . . 44 . . Level 4 . | . . . . . . Level 5 . | . . . . . . High Security . | . . . . . . Max Security . | . . . . . . Squads Dispatched 8 | . 1 . 7 . . Investigation 3 | . . . 3 . . Extermination . | . . . . . . Reinforcement 3 | . 1 . 2 . . Assault 2 | . . . 2 . . Garrison . | . . . . . . Intercept . | . . . . . . Searches Triggered . | . . . . . . Construction Impeded 1 | . . . 1 . . Haulers Reinforced . | . . . . . . Active Scanning Responses . | . . . . . . Cargo Convoy Interrupts . | . . . . . . Stealth | -11 -10 -10 -9 -9 -9 --------- Run | Yrd Mat Min Mat Min Exi Distress Signals 4 | . . . 4 . . Communications Jammed . | . . . . . . Distress Signals . | . . . . . . Times Spotted 101 | . 13 6 63 10 9 Peak Tracking Total 14 | . 2 3 6 3 14 Tactical Retreats 4 | . 1 1 1 1 . Traps | -11 -10 -10 -9 -9 -9 ------- Run | Yrd Mat Min Mat Min Exi Traps Triggered . | . . . . . . Indirectly . | . . . . . . Trap Hack Attempts . | . . . . . . Triggered . | . . . . . . Disarmed 10 | . 10 . . . . Reprogrammed . | . . . . . . Reused . | . . . . . . Traps Extracted . | . . . . . . Installed . | . . . . . . Triggered . | . . . . . . Machines | -11 -10 -10 -9 -9 -9 ---------- Run | Yrd Mat Min Mat Min Exi Machines Disabled 9 | . 1 . 7 . 1 Max in Single Turn 2 | . 1 . 2 . 1 Machines Repaired . | . . . . . . Machines Dismantled . | . . . . . . Machines Sabotaged . | . . . . . . Overloaded Fab Kills . | . . . . . . Hacking | -11 -10 -10 -9 -9 -9 --------- Run | Yrd Mat Min Mat Min Exi Machines Accessed 18 | . 7 . 10 1 . Terminals 12 | . 5 . 6 1 . Fabricators . | . . . . . . Repair Stations 1 | . . . 1 . . Recycling Units 3 | . 2 . 1 . . Scanalyzers 2 | . . . 2 . . Garrison Access . | . . . . . . Total Hacks 44 | . 17 . 26 1 . Successful 31 | . 11 . 19 1 . Failed 13 | . 6 . 7 . . Catastrophic 2 | . . . 2 . . Database Lockouts . | . . . . . . Manual . | . . . . . . Terminals 32 | . 14 . 17 1 . Fabricators . | . . . . . . Repair Stations 3 | . . . 3 . . Recycling Units 4 | . 3 . 1 . . Scanalyzers 5 | . . . 5 . . Garrison Access . | . . . . . . Terminal Hacks 19 | . 8 . 10 1 . Record 3 | . . . 2 1 . Prototype ID Bank 3 | . 2 . 1 . . Branch Access Points 1 | . 1 . . . . Emergency Access Points 1 | . . . 1 . . Alert Level 1 | . . . 1 . . Locate Traps 5 | . 3 . 2 . . Disarm Traps 2 | . 2 . . . . Registered Components 1 | . . . 1 . . Zone Layout 2 | . . . 2 . . Fabricator Hacks . | . . . . . . Repair Station Hacks 3 | . . . 3 . . Scan Component 2 | . . . 2 . . Repair 1 | . . . 1 . . Recycling Unit Hacks 4 | . 3 . 1 . . Report Inventory 3 | . 2 . 1 . . Retrieve Components 1 | . 1 . . . . Scanalyzer 5 | . . . 5 . . Insert Component 2 | . . . 2 . . Analyze 3 | . . . 3 . . Garrison Access Hacks . | . . . . . . Unauthorized Hacks . | . . . . . . Terminals . | . . . . . . Fabricators . | . . . . . . Repair Stations . | . . . . . . Recycling Units . | . . . . . . Scanalyzers . | . . . . . . Garrison Access . | . . . . . . Data Cores Recovered . | . . . . . . Used . | . . . . . . Hacking Detections 10 | . 2 . 8 . . Full Trace Events 5 | . 1 . 4 . . Feedback Events . | . . . . . . Feedback Blocked . | . . . . . . Robot Schematics Acquired . | . . . . . . Robots Built . | . . . . . . Authchips . | . . . . . . Time . | . . . . . . Total Robot Build Rating . | . . . . . . Part Schematics Acquired 2 | . . . 2 . . Parts Built . | . . . . . . Authchips . | . . . . . . Time . | . . . . . . Total Part Build Rating . | . . . . . . Parts Repaired 1 | . . . 1 . . Time 50 | . . . 50 . . Parts Recycled . | . . . . . . Recycled Matter . | . . . . . . Retrieved Matter . | . . . . . . Retrieved Components 7 | . 7 . . . . Parts Scanalyzed 2 | . . . 2 . . Part Schematics Acquired 2 | . . . 2 . . Parts Damaged . | . . . . . . Bothacking | -11 -10 -10 -9 -9 -9 ------------ Run | Yrd Mat Min Mat Min Exi Used RIF Installer . | . . . . . . Robots Hacked . | . . . . . . Non-combat . | . . . . . . Combat . | . . . . . . Robot Hacks Applied . | . . . . . . Relay Couplers Released . | . . . . . . Fabnet Peak Effective % . | . . . . . . Robots Rewired . | . . . . . . Allies Hacked . | . . . . . . Hacks Repelled . | . . . . . . Allies | -11 -10 -10 -9 -9 -9 -------- Run | Yrd Mat Min Mat Min Exi Total Allies 5 | . . 5 . . . Largest Group 5 | . . 5 2 . . Highest-Rated Group 86 | . . 86 47 . . Highest-Rated Ally 31 | . . 31 31 . . Total Orders . | . . . . . . Ally Attacks 42 | . . 7 35 . . Total Damage 414 | . . 60 354 . . Kills 12 | . . 3 9 . . Allies Corrupted . | . . . . . . Allies Melted . | . . . . . . Intel | -11 -10 -10 -9 -9 -9 ------- Run | Yrd Mat Min Mat Min Exi Robot Analysis Total . | . . . . . . Derelict Logs Recovered 3 | . . 1 . 2 . Drone Launches . | . . . . . . Drone Recoveries . | . . . . . . Exploration | -11 -10 -10 -9 -9 -9 ------------- Run | Yrd Mat Min Mat Min Exi Turns Passed 5648 | 73 1312 1112 1808 1010 333 Spaces Moved 2954 | 40 716 625 792 580 201 Core 1 | 1 . . . . . Treads 2953 | 39 716 625 792 580 201 Legs . | . . . . . . Wheels . | . . . . . . Hover . | . . . . . . Flight . | . . . . . . Fastest Speed 50 | 50 160 160 160 160 160 Average Speed 160 | 157 160 160 160 160 161 Slowest Speed 320 | 160 160 160 240 160 320 Overloaded Moves . | . . . . . . Propulsion Burnouts . | . . . . . . Robots Hopped . | . . . . . . Cave-ins Triggered . | . . . . . . Exploration Rate (%) 72 | 5 98 99 90 99 45 Regions Visited 5 Branch Regions 3 Pre-discovered Areas . | . . . . . . Known Exits Taken 2 | . 1 . . 1 . Unknown Exits Taken 3 | 1 . 1 1 . . Scrap Searched 2 | . . 1 . 1 . Spaces Dug 1 | . . . 1 . . Terrain Destroyed 14 | . . . 14 . . Melee . | . . . . . . Projectile 1 | . . . 1 . . AOE 13 | . . . 13 . . Terrain Rammed . | . . . . . . Walls Destroyed . | . . . . . . Machines Disabled . | . . . . . . Actions | -11 -10 -10 -9 -9 -9 --------- Run | Yrd Mat Min Mat Min Exi Total 3529 | 50 822 728 1096 622 211 Wait 224 | . 32 97 79 16 . Move 2949 | 39 715 624 791 579 201 Hop . | . . . . . . Pick Up 70 | 7 25 1 33 1 3 Fast Attach 2 | . . . 2 . . Attach 27 | 4 3 . 18 2 . Detach . | . . . . . . Swap 27 | . 5 . 22 . . Drop 28 | . 10 1 15 1 1 Fire 155 | . 32 5 95 22 1 Melee 41 | . . . 41 . . Ram . | . . . . . . Kick . | . . . . . . Crush 1 | . . . . 1 . Escape Stasis . | . . . . . . Rewire 5 | . . . . . 5 Trap . | . . . . . . Miscellaneous . | . . . . . . Route ------- -11/Scrapyard -10/Materials (discovered 4 exits: *Mat x2 / *Min x2) -10/Mines (discovered 2 exits: *Mat x2) -9/Materials (discovered 5 exits: *Mat x3 / *Min x2) -9/Mines (discovered 3 exits: *Mat x2 / *Exi) -9/Exiles History --------- Turn | Location | Event 7 | -11/Scrapyard | Discovered new exit (range 16) 74 | -11/Scrapyard | Entered Materials 302 | -10/Materials | Discovered new exit (range 8) 305 | -10/Materials | Build established: Mutant 607 | -10/Materials | Identified exit to Mines 1147 | -10/Materials | Discovered new exit (range 4) 1386 | -10/Materials | Entered Mines 1852 | -10/Mines | A weapon hastily lodged in a ceiling crevice suddenly fell to the ground 1985 | -10/Mines | Assisted by bots powering up and referring to "LRC-V3" 2029 | -10/Mines | Discovered new exit (range 11) 2040 | -10/Mines | Discovered new exit (range 13) 2180 | -10/Mines | Learned Materials interactive machine intel 2498 | -10/Mines | Entered Materials 2498 | -9/Materials | Accompanied by 2 allies 2498 | -9/Materials | Evolved 2 slots: Propulsion x2 2499 | -9/Materials | Loaded intel: 18 interactive machine locations 2503 | -9/Materials | Led the pair of lost Derelicts to an unsafe place 2804 | -9/Materials | Discovered new exit (range 4) 3111 | -9/Materials | Discovered new exit (range 7) 3298 | -9/Materials | First assault squad dispatched 3392 | -9/Materials | Repaired Beamcaster? 3416 | -9/Materials | System corruption reached 10% 3473 | -9/Materials | Build established: Scavenger-Mutant 3517 | -9/Materials | Discovered new exit (range 3) 3941 | -9/Materials | Discovered new exit (range 16) 4061 | -9/Materials | Core integrity fell below 50% 4261 | -9/Materials | Discovered new exit (range 7) 4306 | -9/Materials | Entered Mines 4354 | -9/Mines | Discovered new exit (range 10) 4391 | -9/Mines | Identified exit to Materials 4708 | -9/Mines | Identified exit to Exiles 4742 | -9/Mines | Received a Rocket Launcher from a helpful Derelict 5262 | -9/Mines | Build established: Mutant 5316 | -9/Mines | Entered Exiles 5358 | -9/Exiles | Met 8R-AWN 5413 | -9/Exiles | Met EX-HEX 5565 | -9/Exiles | Met EX-DEC 5627 | -9/Exiles | Attacked by the Exiles 5642 | -9/Exiles | Core integrity fell below 20% 5649 | -9/Exiles | Destroyed by as-72798 with Assembled Blade Last Messages --------------- 05553_ A-02 Transporter is unpowered. 05554_ Attempting to rewire A-02 Transporter. 05554_ A-02 Transporter is unpowered. EX-DEC: Ah I see we have a visitor. One wrong move in here and I'll invert your atomic chain! 05567_ EX-DEC: "Oops, I hope HEX didn't hear that..." 05578_ System corrupted: Matter fused (-7). 05601_ System corrupted: IFF burst signal emitted. 05627_ System corrupted: FCS attempts to trigger Autogun. 05627_ System corrupted: Autogun misfires. 05627_ EXILES: Hostile robot within lab perimeter. Defensive protocols time, folks! 05639_ Lgt. Treads destroyed. 05643_ Machine disabled. 05644_ EX-BIN: "I just want to science!" 05644_ Lgt. Treads destroyed. Map ----- +----------------------------------------------------+ | ????????????? ???????????" #####""""" | | ???????????? ???????? " """ | | ?????????? ?????? "" | | ??????????? ??? " | | ??????????? ? | | ?????????? | | ??????????#" | | ??????????#""" ??""""" | | ?????????##" ?????##""" | | ?????????#"" "????????####""" | | ????????##""" """???????????##""" | | ????????#""" """#????????????#"""" | | ????????#""" ""#???????????##"" | | ????????#"" ########??####"""" | | ????????#""" z ## ####""" | | ????????#"" """" | | ????????##"" | | ?????????#"""" | | ?????????## " | | ??????????#" " "" "" | | ??????????#"""" ""## ##""" " " ""# | | ??????????#"" c ""#### ######""" """# | | ??????????#" """"##??# #????###""""## | | ??????????#""" """#??## ####????#####? | | ??????????## ca a ""##??#! "!#?????????? | | ???????????#"" aaa"@"##???#" !#?????????? | | ???????????##""" a ##????#" "#?????????? | | ????????????##"""" a ##?????#!!""!"#?????????? | | ?????????????### c#??????########?????????? | | ???????????????##### ##???????????????????????? | | ???????????????????## #????????????????????????? | | ????????????????????# z#????????????????????????? | | ????????????????????# #????????????????????????? | | ????????????????????# #????????????????????????? | | ????????????????????# #????????????????????????? | | ????????????????????# #????????????????????????? | | ????????????????????# #????????????????????????? | | ????????????????????# #????????????????????????? | | ????????????????????# #????????????????????????? | | ????????????????????# #????????????????????????? | | ????????????????????# #????????????????????????? | | ????????????????????" "????????????????????????? | | ??????????????????? ????????????????????????? | | ??????????????????? ???????????????????????? | | ?????????????????? ???????????????????????? | | ????????????????? ??????????????????????? | | ?????????????????" ??????????????????????? | | ?????????????????"""" ""?????????????????????? | | ?????????????????######"""#??????????????????????? | | ??????????????????????? "??????????????????????? | +----------------------------------------------------+ Best States ------------- Heat Dissipation 39 Energy Generation 14 Energy Capacity 280 Matter Stores 500 Matter Capacity 500 Sight Range 16 Terrain Scan Density 10 Evasion (%) 40 Targeting Accuracy 6 Recoil Reduction 4 Item Schematics ----------------- Imp. Medium Laser | -9/Materials | Scanalyzed Mak. Spear | -9/Materials | Scanalyzed Robot Schematics ------------------ None Fabricated ------------ Nothing Alien Tech Used ----------------- None Achievements -------------- None Challenges ------------ None Game ------ Seed TacticalChargePlating Manual? 0 Play Time 01:32:31 Cumulative 29.2 hours Start 2024.08.11 @ 04:11:44 End 2024.08.11 @ 06:05:36 Sessions 1 Manual Loads 0 Difficulty Rogue Special Mode None Game No. 25 Rogue 25 Adventurer 0 Explorer 0 Win Type - Total 0 Types 0/0/0/0/0/0/0/0/0 Lore% 10 Gallery% 17 Achievement% 19 Wizard Run 0 Options --------- Layout 1 ASCII 0 Keyboard 0 Movement Mouse Keybinds 0 Fullscreen 2 Font 48/Smallcaps Map View 50x35 Zoom Use 0% Tactical HUD 1 Map Filters NONE Filters NONE Steam 1 RUN: 541fa524-0296-4b01-8d09-85541a8a0b43